 Dungeon Crawl Stone Soup version 0.18-a0-1361-g9293dd1 (webtiles) character file.

323 kosy22 the Ducker (level 6, -3/61 HPs)
             Began as a Troll Fighter on Dec 11, 2015.
             Slain by an iguana (5 damage)
             ... on level 4 of the Dungeon on Aug 20, 2016.
             The game lasted 00:12:59 (2467 turns).

kosy22 the Ducker (Troll Fighter)                   Turns: 2467, Time: 00:12:59

Health: -3/61      AC:  6    Str: 27    XL:     6   Next: 23%
Magic:  5/5        EV:  9    Int:  4    God:
Gold:   141        SH:  9    Dex:  9    Spells: 0 memorised, 5 levels left

rFire  + . .     SeeInvis .       - Unarmed
rCold  . . .     Gourm    +     a - +0 robe
rNeg   . . .     Faith    .     b - +0 shield
rPois  .         Spirit   .     (helmet restricted)
rElec  .         Dismiss  .     h - +0 cloak
rCorr  .         Reflect  .     (gloves unavailable)
SustAt .         Harm     .     (boots unavailable)
MR     +....                    (no amulet)
Stlth  +.........               q - ring of protection from fire
                                s - ring of protection from magic

@: hasted, very quick, somewhat resistant to hostile enchantments, very
unstealthy
A: unfitting armour, claws 3, fast metabolism 3, gourmand, regeneration 2,
shaggy fur 1, tough skin 2
a: no special abilities


You were on level 4 of the Dungeon.
You were not hungry.

You visited 1 branch of the dungeon, and saw 4 of its levels.

You collected 141 gold pieces.

Inventory:

Armour
 a - a +0 robe (worn)
 b - a +0 shield (worn)
 h - a +0 cloak (worn)
Jewellery
 n - an uncursed ring of protection from cold {unknown}
 q - a ring of protection from fire (right claw)
 s - a ring of protection from magic (left claw)
Wands
 o - a wand of confusion (14/48)
Scrolls
 m - a scroll of remove curse
 p - 2 scrolls of identify
 t - a scroll of immolation {unknown}
 u - a scroll of teleportation
Potions
 c - a potion of might
 e - a potion of heal wounds {unknown}
 f - a potion of flight {unknown}
 g - a potion of degeneration {unknown}
 i - a potion of mutation {unknown}
 v - a potion of lignification {unknown}
Comestibles
 d - 2 bread rations
 j - a beef jerky
 k - 3 meat rations
 r - a royal jelly


   Skills:
 + Level 3.1 Fighting
 + Level 4.2 Dodging
 + Level 0.3 Stealth
 + Level 3.4 Shields
 + Level 3.3 Unarmed Combat


You had 5 spell levels left.
You didn't know any spells.

Dungeon Overview and Level Annotations

Branches:
Dungeon (4/15)
 Temple: D:4-7

Altars:
Kikubaaqudgha


Innate Abilities, Weirdness & Mutations

You are too large for most types of armour.
You have claws for hands.
Your metabolism is lightning-fast.
You like to eat raw meat.
You heal very quickly.
You are covered in fur (AC +1).
You have very tough skin (AC +2).


Message History

You block the giant gecko's attack.
You claw the giant gecko!
You kill the giant gecko!
Your Dodging skill increases to level 4!
You scratch the ogre.
The ogre is almost dead.
The ogre hits you with a giant club.
* * * LOW HITPOINT WARNING * * *
You claw the ogre!
You kill the ogre!
Your Unarmed Combat skill increases to level 3!
You have reached level 6!
Your experience leads to an increase in your attributes!
Increase (S)trength, (I)ntelligence, or (D)exterity?
You feel stronger. x2
You barely miss the iguana. The iguana bites you.
* * * LOW HITPOINT WARNING * * *
Drink which item? (? for menu, Esc to quit)
You feel yourself speed up. The iguana bites you.
You die...

..).......#
..........#
..........#
..........# #
.......... .. .
......... .# ..
.......)# .##...
.#####..{#####.....
........wl@........
...#>...###...####.#
........ +.........
####.#..###)).####.#
..........'.........
###.##..##...##....
#.#.........# ... #
#.#.##....# ..
#.#.##....# .


You could see a worm and an iguana.

Vanquished Creatures
  An ogre (D:4)
  An orc wizard (D:4)
  Ijyb (D:2)
  11 adders
  An ooze (D:1)
  A worm (D:3)
  4 giant geckos
  3 orcs
  9 bats
  2 giant cockroaches (D:3)
  8 goblins
  7 hobgoblins
  2 jackals (D:1)
  8 kobolds
  2 quokkas
  5 ball pythons (D:3)
  6 giant newts
  9 rats
81 creatures vanquished.

Vanquished Creatures (others)
  A kobold (D:2)
1 creature vanquished.

Grand Total: 82 creatures vanquished

Notes
Turn   | Place    | Note
--------------------------------------------------------------
     0 | D:1      | kosy22 the Troll Fighter began the quest for the Orb.
     0 | D:1      | Reached XP level 1. HP: 22/22 MP: 0/0
   131 | D:1      | Reached XP level 2. HP: 18/29 MP: 1/1
   564 | D:1      | Upgraded the game from 0.18-a0-750-g37044d6 to 0.18-a0-1361-g9293dd1
   781 | D:1      | Reached XP level 3. HP: 36/36 MP: 2/2
   939 | D:2      | Reached skill level 3 in Dodging
  1280 | D:2      | Reached XP level 4. HP: 44/44 MP: 3/3
  1342 | D:2      | Noticed Ijyb
  1358 | D:2      | Killed Ijyb
  1368 | D:2      | Found an ancient bone altar of Kikubaaqudgha.
  1929 | D:3      | Reached XP level 5. HP: 52/52 MP: 4/4
  2448 | D:4      | Noticed an ogre
  2463 | D:4      | Reached skill level 4 in Dodging
  2465 | D:4      | Killed an ogre
  2465 | D:4      | Reached XP level 6. HP: 4/61 MP: 5/5
  2466 | D:4      | HP: 1/61 [iguana (4)]
  2467 | D:4      | Slain by an iguana

Vault maps used:
D:1:      minmay_arrival_stone_box
D:2:      kiku_gazebo_garden_becter, minmay_misc_feat_rugged,
          kennysheep_generic_room_3, uniq_iyjb
D:3:      first_bread, minmay_snake_closets
D:4:      minmay_temple_entry_grid, okawaru_gym_becter, uniq_eustachio

Action                   |  1- 3 |  4- 6 || total
-------------------------+-------+-------++-------
Melee: Unarmed           |   140 |   151 ||   291
  Use: Scroll            |     1 |     3 ||     4
       Potion            |       |     4 ||     4
  Eat: Chunk             |     5 |     4 ||     9
       Bread ration      |     2 |     1 ||     3
